 Dungeon Crawl Stone Soup version 0.31-a0-925-g0a390f2509 (webtiles) character file.

Game seed: 3877312239152415633

54 DocEon the Covered (level 3, -2/32 HPs)
             Began as an Armataur Fighter on Oct 18, 2023.
             Slain by a gnoll
             ... wielding a +0 halberd
              (11 damage)
             ... on level 3 of the Dungeon.
             The game lasted 00:00:58 (880 turns).

DocEon the Covered (Armataur Fighter)                Turns: 880, Time: 00:00:59

Health: -2/32      AC: 12    Str: 21    XL:     3   Next: 66%
Magic:  3/3        EV:  6    Int:  8    God:
Gold:   98         SH: 10    Dex: 11    Spells: 2/2 levels left

rFire   . . .        g - +3 whip (elec)
rCold   . . .        l - +2 kite shield
rNeg    . . .        b - +0 scale mail
rPois   .            (no helmet)
rElec   .            (no cloak)
rCorr   .            f - +0 pair of gloves
SInv    .            (no barding)
Will    .....        (no amulet) Stlth
                     e - +4 ring of protection
HPRegen 0.25/turn    (no ring)
MPRegen 0.08/turn

%: roll
@: no status effects
A: large, rugged brown scales 3, deformed body, armoured tail, roll, long
tongue, awkward tongue
a: no special abilities


You were on level 3 of the Dungeon.
You visited 1 branch of the dungeon, and saw 3 of its levels.

You collected 98 gold pieces.

Inventory:

Hand Weapons
 a - a +0 long sword
 g - a +3 whip of electrocution (weapon)
Armour
 b - a +0 scale mail (worn)
 c - a +0 buckler
 f - a +0 pair of gloves (worn)
 l - a +2 kite shield (worn)
Jewellery
 e - a +4 ring of protection (left hand)
Scrolls
 k - a scroll of identify {unknown}
Potions
 d - a potion of might
 h - a potion of berserk rage {unknown}
 i - a potion of heal wounds {unknown}
 j - a potion of cancellation {unknown}


   Skills:
 - Level 2.6 Fighting
 - Level 2.6 Long Blades
 * Level 2.3 Maces & Flails
 - Level 3.6 Armour
 - Level 3.2 Shields


You had 2 spell levels left.
You didn't know any spells.
Your spell library contained the following spells:

 Spells                   Type           Power      Damage    Failure   Level
 Summon Ice Beast         Ice/Summ       0%         N/A       100%        4
 Summon Mana Viper        Hex/Summ       0%         N/A       100%        5
 Monstrous Menagerie      Summ           0%         N/A       100%        7


Dungeon Overview and Level Annotations

Branches:
Dungeon (2/15)

Altars:
Uskayaw


Innate Abilities, Weirdness & Mutations

You are completely covered in rugged brown scales. (AC +3, +7% HP)
Armour fits poorly on your strangely shaped body.
You have a long armoured tail.
You roll when moving toward enemies. (Rampage)
Your long tongue fully drains potion bottles. (2x potion effects)
Your tongue gives you trouble enunciating. (1.5x scroll delay)


Message History

A quokka comes into view.
You block the gnoll's attack.
You barely miss the gnoll.
Your tail-slap misses the gnoll.
The gnoll hits you from afar with a +0 halberd.
You hit the gnoll.
You tail-slap the gnoll, but do no damage.
The gnoll is lightly wounded.
The gnoll hits you but does no damage.
The gnoll hits you from afar with a +0 halberd.
You barely miss the gnoll.
The gnoll is lightly wounded.
The gnoll hits you from afar with a +0 halberd.
You hit the gnoll. Lightning courses through the gnoll!!
You kill the gnoll!
The gnoll hits you from afar with a +0 halberd.
Your Maces & Flails skill increases to level 2!
You are too injured to fight recklessly!
You hit the gnoll.
Your tail-slap misses the gnoll.
The gnoll is heavily wounded.
The gnoll hits you but does no damage. You block the gnoll's attack.
You hit the gnoll. Lightning courses through the gnoll!
You kill the gnoll!
You block the gnoll's attack. The quokka bites you.
You hit the quokka.
The quokka is almost dead.
The gnoll hits you from afar with a +0 halberd.
* * * LOW HITPOINT WARNING * * *
You block the quokka's attack.
You closely miss the quokka.
The quokka is almost dead.
The gnoll hits you but does no damage. You block the quokka's attack.
The gnoll hits you but does no damage.
You closely miss the quokka.
The quokka is almost dead.
The quokka closely misses you. The gnoll barely misses you.
The quokka bites you but does no damage.
You whack the quokka!
You kill the quokka!
The gnoll hits you from afar with a +0 halberd!
You die...

#.##...##...
#######.##..†##...
#.....#.##...##...
#.....#.##...##.##
#............##...
#.....#.#....#####
#.....#.#.........
#.....#.###.######
#@....#.# #.#
......)###.##.#
..# ##...g. #.#..#
.. #..... ..#..#
.. #..... ###
#...... #######


You could see a gnoll.

Vanquished Creatures
  2 gnolls (D:3)
  2 dart slugs (D:1)
  3 orcs (D:3)
  An endoplasm (D:3)
  2 giant cockroaches
  3 goblins
  A hobgoblin (D:1)
  2 jackals (D:1)
  2 quokkas (D:3)
  3 bats (D:1)
  2 frilled lizards
  2 kobolds (D:1)
  5 rats
30 creatures vanquished.

Notes
Turn   | Place    | Note
-------+----------+-------------------------------------------
     0 | D:1      | DocEon the Armataur Fighter began the quest for the Orb.
     0 | D:1      | Reached XP level 1. HP: 19/19 MP: 1/1
   252 | D:1      | Reached XP level 2. HP: 26/26 MP: 2/2
   524 | D:2      | Reached skill level 1 in Maces & Flails
   722 | D:2      | You fall into a shaft and drop 1 floor!
   787 | D:3      | Found a hide-covered altar of Uskayaw.
   842 | D:3      | Reached XP level 3. HP: 30/32 MP: 3/3
   880 | D:3      | Slain by a gnoll

Illustrated notes

Levels and vault maps discovered:
D:1:      lemuel_arrival_broad_hall, layout_basic, st_stairs_14,
          grunt_decor_arrowhead
D:2:      layout_basic, hangedman_decor_diamond_cutter
D:3:      minmay_general_purpose_star, layout_basic,
          nicolae_overflow_crystal_walls, mainiacjoe_overflow_six_doors_small,
          hellmonk_ecumenical_altar_inner_sanctum, gup_sewer_entry_bowl,
          grunt_ministairs_4

Skill      XL: |  1  2  3 |
---------------+----------+-----
Long Blades    | 2 |  2.6
Maces & Flails | 1 2 |  2.3
Fighting       | |  2.6
Armour         | |  3.6
Shields        | |  3.2

Action                     || total
---------------------------++-------
  Melee: Long sword        ||    22
         Tailslap          ||     4
         Whip              ||    57
    Use: Scroll            ||     1
 Armour: Scale mail        ||    63
  Dodge: Dodged            ||    31
  Block: Buckler           ||    10
         Kite shield       ||    10

Table legend: (Time is in decaauts)
 A = Elapsed time spent in this place.
 B = Non-inter-level travel time spent in this place.
 C = Inter-level travel time spent in this place.
 D = Time resting spent in this place.
 E = Time spent auto-exploring this place.
 F = Levels seen in this place.
 G = Mean time per level.
                   A        B        C        D        E       F      G
               +--------+--------+--------+--------+--------+-----+--------+
         Total |    892 |    859 |     33 |     48 |    601 |   3 |  297.3 |
       Dungeon |    892 |    859 |     33 |     48 |    601 |   3 |  297.3 |
               +--------+--------+--------+--------+--------+-----+--------+

Top non-repeatable levels by time:
     D:1: 523 daAuts
     D:2: 206 daAuts
     D:3: 161 daAuts
